 Dungeon Crawl Stone Soup version 0.27.0-1-g7a089689b8 (webtiles) character file.

Game seed: 7278689324475236438

175 SnakkuSnakku7 the Skirmisher (level 5, -1/43 HPs)
             Began as a Merfolk Necromancer on Aug 7, 2021.
             Succumbed to an adder's poison
             ... on level 4 of the Dungeon.
             The game lasted 00:09:05 (5699 turns).

SnakkuSnakku7 the Skirmisher (Merfolk Necromancer)  Turns: 5699, Time: 00:09:06

Health: -1/43      AC:  7    Str:  9    XL:     5   Next: 55%
Magic:  3/8        EV:  8    Int: 15    God:
Gold:   162        SH:  0    Dex: 14    Spells: 7/8 levels left

rFire    . . .     SeeInvis +   a - +0 halberd
rCold    . . .     Faith    .   (shield currently unavailable)
rNeg     . . .     Spirit   +   b - +0 scale mail
rPois    .         Reflect  .   (no helmet)
rElec    .         Harm     .   m - +0 cloak
rCorr    .         Rampage  .   (no gloves)
Will     .....                  (no boots)
Stlth    +.........             t - amulet of guardian spirit
HPRegen  0.14/turn              n - ring of see invisible
MPRegen  0.11/turn              (no ring)

@: lethally poisoned (-1 -> -13)
A: (nimble swimmer 2), mertail
a: no special abilities


You were on level 4 of the Dungeon.
You visited 1 branch of the dungeon, and saw 4 of its levels.

You collected 257 gold pieces.
You spent 95 gold pieces at shops.

Inventory:

Hand Weapons
 a - a +0 halberd (weapon)
 c - a +0 mace
 d - a +0 spear
Missiles
 e - 6 poisoned darts
Armour
 b - a +0 scale mail (worn)
 m - a +0 cloak (worn)
 o - a +0 robe
Jewellery
 n - a ring of see invisible (left hand)
 t - an amulet of guardian spirit (around neck)
Scrolls
 g - a scroll of amnesia
 j - a scroll of brand weapon {unknown}
 k - a scroll of immolation {unknown}
 q - a scroll of magic mapping {unknown}
 r - a scroll of enchant weapon {unknown}
 s - a scroll of fog {unknown}
Potions
 f - a potion of berserk rage {unknown}
 h - a potion of brilliance {unknown}
 i - a potion of haste
 l - 2 potions of attraction {unknown}
 u - a potion of mutation {unknown}


   Skills:
 + Level 4.3 Fighting
 + Level 4.2 Polearms
 - Level 2.6 Dodging
 - Level 2.1 Stealth
 - Level 2.0 Spellcasting
 - Level 3.2 Necromancy


You had 7 spell levels left.
You knew the following spells:

 Your Spells              Type           Power      Damage    Failure   Level
a - Pain                  Necr           44%        1d6       45%         1

Your spell library contained the following spells:

 Spells                   Type           Power      Damage    Failure   Level
 Animate Skeleton         Necr           22%        N/A       45%         1
 Vampiric Draining        Necr           5%         2d6       83%         3
 Apportation              Tloc           2%         N/A       88%         1
 Corona                   Hex            1%         N/A       88%         1
 Freeze                   Ice            4%         1d3       88%         1
 Summon Small Mammal      Summ           4%         N/A       88%         1
 Frozen Ramparts          Ice            2%         1d2       99%         3
 Gell's Gravitas          Tloc           0%         N/A       99%         3
 Teleport Other           Tloc           1%         N/A       99%         3
 Animate Dead             Necr           5%         N/A       99%         4
 Hailstorm                Conj/Ice       1%         3d3       100%        4
 Agony                    Necr           11%        N/A       100%        5
 Dispersal                Tloc           0%         N/A       100%        6


Dungeon Overview and Level Annotations

Branches:
Dungeon (4/15)
 Temple: D:4-7

Altars:
Ashenzari
Lugonu

Shops:
D:1 [**[*

Portals:
Abyss: D:4
Sewer: D:4


Innate Abilities, Weirdness & Mutations

((You are quick and stealthy near water. (Stealth+, EV+, Speed+++)))
Your lower body shifts to a powerful aquatic tail in water.


Message History

You closely miss the adder.
The adder is severely wounded.
The adder bites you but does no damage.
The giant cockroach waves its antennae.
Your scale mail prevents you from hitting the adder.
The adder is severely wounded.
The adder bites you but does no damage. x2
You miss the adder.
The adder is severely wounded.
The adder bites you but does no damage. The adder bites you.
* * * LOW HITPOINT WARNING * * *
You are poisoned.
The adder poisons you!
You closely miss the adder.
The adder is severely wounded.
You feel very sick. The adder closely misses you.
You hit the adder.
The adder is almost dead.
You feel sick. The adder bites you but does no damage. The adder bites you.
* * * LOW HITPOINT WARNING * * *
You are lethally poisoned!
The adder poisons you!
Unknown command.
You closely miss the adder.
The adder is almost dead.
* * * LOW HITPOINT WARNING * * *
You feel sick. The adder closely misses you.
The adder bites you but does no damage.
Unknown command.
You hit the adder.
The adder is almost dead.
* * * LOW HITPOINT WARNING * * *
You feel sick. The adder barely misses you. The adder bites you.
* * * LOW HITPOINT WARNING * * *
You are more poisoned.
The adder poisons you!
You closely miss the adder.
The adder is almost dead.
You die...

.......# #........#
# .. .##..#####.#
...#.###.#..#≈≈≈#.#
#...#..##...#≈≈≈#.#
...##..##...#≈∩≈#.#
#.#.§#..#...#≈≈≈#.#
.#.##∩#§#...#≈BB#.#
###.#.....#.##'##^#
..##)#.##.....BS@.#
.##...###..#.######
#.##...#.###.#
####.#### #.#
.†....# #.# #####.#
#.# .# ... .# ...
.# ...


You could see an adder and 3 giant cockroaches.

Vanquished Creatures
  Ijyb (D:3)
  An iguana (D:4)
  2 gnolls
  3 adders
  A worm (D:2)
  An orc (D:2)
  2 ball pythons
  8 endoplasms
  4 giant cockroaches
  6 goblins
  5 hobgoblins
  12 jackals
  6 kobolds
  3 quokkas
  6 bats
  3 frilled lizards (D:2)
  5 rats
  2 lurking horrors (D:4)
71 creatures vanquished.

Vanquished Creatures (collateral kills)
  2 gnolls (D:3)
  A ball python (D:3)
3 creatures vanquished.

Vanquished Creatures (others)
  4 plants (D:4)
4 creatures vanquished.

Grand Total: 78 creatures vanquished

Notes
Turn   | Place    | Note
-------+----------+-------------------------------------------
     0 | D:1      | SnakkuSnakku7 the Merfolk Necromancer began the quest for
                  | the Orb.
     0 | D:1      | Reached XP level 1. HP: 13/13 MP: 3/3
   106 | D:1      | Found Zyfocs's Assorted Antiques.
   116 | D:1      | Reached skill level 1 in Fighting
   150 | D:1      | Bought a coppery potion for 17 gold pieces
   150 | D:1      | Bought a silvery potion for 17 gold pieces
   150 | D:1      | Bought a coppery potion for 17 gold pieces
   402 | D:1      | Found Qeshocawko's Assorted Antiques.
   413 | D:1      | Reached XP level 2. HP: 21/22 MP: 5/5
   419 | D:1      | Found a faded altar of an unknown god.
   428 | D:1      | Bought a ruby potion for 22 gold pieces
   428 | D:1      | Bought a fuming amethyst potion for 22 gold pieces
   438 | D:1      | Found Fiomiur's Antique Armour Boutique.
   481 | D:1      | Found Wuecudidd's Antique Armour Boutique.
   809 | D:1      | Found Zolis's General Store.
  1484 | D:2      | Reached XP level 3. HP: 25/28 MP: 6/6
  1816 | D:2      | Reached skill level 1 in Polearms
  3088 | D:2      | Reached XP level 4. HP: 29/35 MP: 7/7
  4037 | D:3      | Found a broken altar of Ashenzari.
  4048 | D:3      | Noticed Ijyb
  4264 | D:3      | Killed Ijyb
  4461 | D:3      | Reached XP level 5. HP: 40/42 MP: 8/8
  5292 | D:4      | Found a corrupted altar of Lugonu.
  5298 | D:4      | Found a one-way gate to the infinite horrors of the Abyss.
  5514 | D:4      | Found a glowing drain.
  5687 | D:4      | HP: 2/43 [adder (1)]
  5699 | D:4      | Succumbed to an adder's poison

Illustrated notes

Levels and vault maps discovered:
D:1:      evilmike_arrival_hilbert_curve, layout_basic, serial_shops,
          nicolae_shop_waterfront, shop_coins, nicolae_shop_behind_doors, shop,
          nicolae_shop_window_shopping, ebering_ecumenical_altar_webs
D:2:      minmay_razor_zed, layout_basic
D:3:      layout_rooms, cheibrodos_ashenzari_chains, uniq_ijyb
D:4:      layout_loops_ring, tso_metal_star, serial_forest,
          infiniplex_forest_lined_room_2, infiniplex_forest_straight_4,
          infiniplex_forest_zigzag_2, infiniplex_forest_clump_double,
          infiniplex_forest_straight_1, infiniplex_forest_straight_3,
          infiniplex_forest_clump_medium, gup_sewer_entry_glass,
          amcnicky_altar_lugonu_corruption

Skill      XL: |  1  2  3  4  5 |
---------------+----------------+-----
Fighting       | 1 2 3 4 |  4.3
Polearms       | 2 3 4 |  4.2
Dodging        | |  2.6
Stealth        | |  2.1
Spellcasting   | |  2.0
Necromancy     | |  3.2

Action                   |  1- 3 |  4- 6 || total
-------------------------+-------+-------++-------
Melee: Mace              |    69 |       ||    69
       Spear             |   136 |   279 ||   415
       Tailslap          |     1 |       ||     1
       Unarmed           |       |    18 ||    18
       Halberd           |       |    58 ||    58
 Cast: Pain              |     3 |       ||     3
  Use: Potion            |       |     4 ||     4
       Scroll            |       |     5 ||     5
 Stab: Sleeping          |     7 |       ||     7
Armor: Robe              |    36 |       ||    36
       Scale mail        |    44 |   137 ||   181
       Skin              |       |     3 ||     3
Dodge: Dodged            |   119 |   125 ||   244
